 Dungeon Sprint DCSS version 0.27.1-33-g824d729ab1 (webtiles) character file.

Game seed: 4721400766848242432

448 Adenis the Covert (level 7, -3/88 HPs)
             Began as a Gnoll Brigand on Dec 4, 2021.
             Was an Initiate of Dithmenos.
             Succumbed to Sonja's poison
             ... in the Dungeon (Sprint I: "Red Sonja").
             The game lasted 00:01:59 (107 turns).

Adenis the Covert (Gnoll Brigand)                    Turns: 107, Time: 00:02:00

Health: -3/88      AC:  3    Str: 10    XL:     7   Next: 4%
Magic:  13/14      EV: 15    Int: 10    God:    Dithmenos [......]
Gold:   243        SH:  0    Dex: 16    Spells: 16/16 levels left

rFire    . . .     SeeInvis .   a - +2 dagger
rCold    . . .     Faith    .   (no shield)
rNeg     . . .     Spirit   .   b - +0 robe
rPois    .         Reflect  .   (no helmet)
rElec    .         Harm     .   c - +0 cloak
rCorr    .         Rampage  .   (no gloves)
Will     .....     NoTele   +   (no boots)
Stlth    ..........             (no amulet)
HPRegen  0.24/turn              (no ring)
MPRegen  0.14/turn              (no ring)

@: berserking, lethally poisoned (-3 -> -75), very quick
A: fangs 1, strong nose, distributed training
a: Renounce Religion


You were in the Dungeon.
You worshipped Dithmenos.
Dithmenos was noncommittal.
You visited 1 branch You collected 243 gold pieces.

Inventory:

Hand Weapons
 a - a +2 dagger (weapon)
Missiles
 d - 8 poisoned darts (quivered)
 e - 2 curare-tipped darts
Armour
 b - a +0 robe (worn)
 c - a +0 cloak (worn)
Magical Staves
 m - a staff of earth
Scrolls
 k - a scroll of blinking
Potions
 f - a potion of curing
 h - a potion of haste
 i - 2 potions of magic
 l - a potion of brilliance {unknown}


   Skills:
 + Level 6.9 Fighting
 + Level 6.9 Short Blades
 + Level 5.1 Long Blades
 + Level 5.1 Axes
 + Level 5.1 Maces & Flails
 + Level 5.1 Polearms
 + Level 5.1 Staves
 + Level 5.1 Slings
 + Level 5.1 Bows
 + Level 5.1 Crossbows
 + Level 6.9 Throwing
 + Level 5.1 Armour
 + Level 5.8 Dodging
 + Level 9.3 Stealth
 + Level 5.1 Shields
 + Level 5.1 Unarmed Combat
 + Level 5.1 Spellcasting
 + Level 4.2 Conjurations
 + Level 4.2 Hexes
 + Level 4.2 Summonings
 + Level 4.2 Necromancy
 + Level 4.2 Translocations
 + Level 4.2 Transmutations
 + Level 4.2 Fire Magic
 + Level 4.2 Ice Magic
 + Level 4.2 Air Magic
 + Level 4.2 Earth Magic
 + Level 4.2 Poison Magic
 + Level 5.6 Invocations
 + Level 5.1 Evocations


You had 16 spell levels left.
You didn't know any spells.
Your spell library was empty.

Dungeon Overview and Level Annotations

Branches:
Dungeon (1/1)

Altars:
Cheibriados
Dithmenos
Elyvilon
Fedhas
Gozag
Hepliaklqana
Kikubaaqudgha
Nemelex Xobeh
Okawaru
Qazlal
Ru
Sif Muna
Trog
Uskayaw
Vehumet
Wu Jian
Yredelemnul
Zin
The Shining One

Shops:
D [

Annotations:
D Sonja


Innate Abilities, Weirdness & Mutations

You have very sharp teeth.
Your uncanny sense of smell can sniff out nearby items.
Your experience applies equally to all skills.


Message History

You feel very sick.
You hit Sonja.
Sonja is lightly wounded.
You feel very sick.
Sonja hits you with a +2 dagger of venom!
* * * LOW HITPOINT WARNING * * *
You are more poisoned.
Sonja closely misses you. x2
You feel much better.
You feel extremely sick. Sonja barely misses you.
Sonja hits you with a +2 dagger of venom.
You are lethally poisoned!
Sonja hits you with a +2 dagger of venom!
Sonja closely misses you. Sonja barely misses you. x2
A red film seems to cover your vision as you go berserk!
You feel yourself moving faster!
You feel mighty!
* * * LOW HITPOINT WARNING * * *
You feel extremely sick.
Sonja hits you with a +2 dagger of venom.
* * * LOW HITPOINT WARNING * * *
You are more poisoned.
Sonja hits you with a +2 dagger of venom.
* * * LOW HITPOINT WARNING * * *
You are more poisoned.
Sonja closely misses you.
You barely miss Sonja.
Sonja is lightly wounded.
* * * LOW HITPOINT WARNING * * *
You feel very sick.
Sonja hits you with a +2 dagger of venom.
* * * LOW HITPOINT WARNING * * *
You are more poisoned.
Sonja hits you but does no damage.
You are more poisoned.
Sonja misses you.
You are too berserk!
You barely miss Sonja. Your punch misses Sonja.
Sonja is lightly wounded.
You die...

################
#<.#.)'..#.)'..#
∆∆
#..'..#.)'..#..+
∆∆
#..#####+#####'#
#..####∆∆#...#(#
∆∆
#..#__####..##.#
#..#_____##'#_.+
#⌠⌠#_.∩...'K@._#
####_..__##_.#+#
∆∆#_____###+#∆
∆∆∆∆ ####### #.#
∆ +$§$+∆∆ ∆∆ ∆
#$.$# ##.##
∆#+#∆ ∆∆∆∆∆


You could see Sonja.

Vanquished Creatures
  Sigmund (D)
  A yak (D)
  An ogre (D)
  A jelly (D)
  Ijyb (D)
5 creatures vanquished.

Notes
Turn   | Place    | Note
-------+----------+-------------------------------------------
     0 | D        | Adenis the Gnoll Brigand began the quest for the Orb.
     0 | D        | Reached XP level 1. HP: 20/20 MP: 1/1
     2 | D        | Noticed Ijyb
     6 | D        | Killed Ijyb
     7 | D        | Reached skill level 1 in Long Blades
     7 | D        | Reached skill level 1 in Axes
     7 | D        | Reached skill level 1 in Maces & Flails
     7 | D        | Reached skill level 1 in Polearms
     7 | D        | Reached skill level 1 in Staves
     7 | D        | Reached skill level 1 in Slings
     7 | D        | Reached skill level 1 in Bows
     7 | D        | Reached skill level 1 in Crossbows
     7 | D        | Reached skill level 1 in Armour
     7 | D        | Reached skill level 8 in Stealth
     7 | D        | Reached skill level 1 in Shields
     7 | D        | Reached skill level 1 in Unarmed Combat
     7 | D        | Reached skill level 1 in Spellcasting
     7 | D        | Reached skill level 1 in Conjurations
     7 | D        | Reached skill level 1 in Hexes
     7 | D        | Reached skill level 1 in Summonings
     7 | D        | Reached skill level 1 in Necromancy
     7 | D        | Reached skill level 1 in Translocations
     7 | D        | Reached skill level 1 in Transmutations
     7 | D        | Reached skill level 1 in Fire Magic
     7 | D        | Reached skill level 1 in Ice Magic
     7 | D        | Reached skill level 1 in Air Magic
     7 | D        | Reached skill level 1 in Earth Magic
     7 | D        | Reached skill level 1 in Poison Magic
     7 | D        | Reached skill level 1 in Evocations
     7 | D        | Reached XP level 2. HP: 26/26 MP: 1/4
     7 | D        | Reached XP level 3. HP: 32/32 MP: 1/5
     8 | D        | Noticed an ogre
    12 | D        | Killed an ogre
    13 | D        | Reached skill level 5 in Fighting
    13 | D        | Reached skill level 5 in Short Blades
    13 | D        | Reached skill level 5 in Throwing
    13 | D        | Reached XP level 4. HP: 39/39 MP: 1/8
    14 | D        | Noticed Sigmund
    18 | D        | Killed Sigmund
    19 | D        | Reached skill level 5 in Dodging
    19 | D        | Reached skill level 9 in Stealth
    19 | D        | Reached XP level 5. HP: 47/47 MP: 2/11
    19 | D        | Reached XP level 6. HP: 53/53 MP: 2/12
    32 | D        | Found an ornate altar of the Wu Jian Council.
    32 | D        | Found a shimmering blue altar of Sif Muna.
    34 | D        | Found a radiant altar of Vehumet.
    45 | D        | Found Pusk's Armour Emporium.
    45 | D        | Found an ancient bone altar of Kikubaaqudgha.
    45 | D        | Found a hazy altar of Hepliaklqana.
    45 | D        | Found a stormy altar of Qazlal.
    45 | D        | Found a hide-covered altar of Uskayaw.
    45 | D        | Found a blossoming altar of Fedhas.
    45 | D        | Found a bloodstained altar of Trog.
    45 | D        | Found an iron altar of Okawaru.
    45 | D        | Found a basalt altar of Yredelemnul.
    45 | D        | Found a glowing golden altar of the Shining One.
    45 | D        | Found a snail-covered altar of Cheibriados.
    45 | D        | Found a sacrificial altar of Ru.
    45 | D        | Found a glowing silver altar of Zin.
    45 | D        | Found a shadowy altar of Dithmenos.
    45 | D        | Found a white marble altar of Elyvilon.
    45 | D        | Noticed a yak
    46 | D        | Found an opulent altar of Gozag.
    47 | D        | Killed a yak
    48 | D        | Reached skill level 5 in Long Blades
    48 | D        | Reached skill level 5 in Axes
    48 | D        | Reached skill level 5 in Maces & Flails
    48 | D        | Reached skill level 5 in Polearms
    48 | D        | Reached skill level 5 in Staves
    48 | D        | Reached skill level 5 in Slings
    48 | D        | Reached skill level 5 in Bows
    48 | D        | Reached skill level 5 in Crossbows
    48 | D        | Reached skill level 5 in Armour
    48 | D        | Reached skill level 5 in Shields
    48 | D        | Reached skill level 5 in Unarmed Combat
    48 | D        | Reached skill level 5 in Spellcasting
    48 | D        | Reached skill level 5 in Invocations
    48 | D        | Reached skill level 5 in Evocations
    48 | D        | Reached XP level 7. HP: 59/59 MP: 5/14
    48 | D        | Found a sparkling altar of Nemelex Xobeh.
    56 | D        | Became a worshipper of Dithmenos the Shadowed
    94 | D        | Noticed Sonja
   107 | D        | Succumbed to Sonja's poison

Illustrated notes

Levels and vault maps discovered:
D:        dungeon_sprint_1 [red_sonja_temple_1, red_sonja_temple_small_1]

Skill      XL: |  1  2  3  4  5  6 |
---------------+-------------------+-----
Long Blades    | 1 3 4 5 |  5.1
Axes           | 1 3 4 5 |  5.1
Maces & Flails | 1 3 4 5 |  5.1
Polearms       | 1 3 4 5 |  5.1
Staves         | 1 3 4 5 |  5.1
Slings         | 1 3 4 5 |  5.1
Bows           | 1 3 4 5 |  5.1
Crossbows      | 1 3 4 5 |  5.1
Armour         | 1 3 4 5 |  5.1
Dodging        | 3 4 5 |  5.8
Stealth        | 8 9 |  9.3
Shields        | 1 3 4 5 |  5.1
Unarmed Combat | 1 3 4 5 |  5.1
Spellcasting   | 1 3 4 5 |  5.1
Conjurations   | 1 2 3 4 |  4.2
Hexes          | 1 2 3 4 |  4.2
Summonings     | 1 2 3 4 |  4.2
Necromancy     | 1 2 3 4 |  4.2
Translocations | 1 2 3 4 |  4.2
Transmutations | 1 2 3 4 |  4.2
Fire Magic     | 1 2 3 4 |  4.2
Ice Magic      | 1 2 3 4 |  4.2
Air Magic      | 1 2 3 4 |  4.2
Earth Magic    | 1 2 3 4 |  4.2
Poison Magic   | 1 2 3 4 |  4.2
Invocations    | 2 3 4 5 |  5.6
Evocations     | 1 3 4 5 |  5.1
Fighting       | 5 6 |  6.9
Short Blades   | 5 6 |  6.9
Throwing       | 5 6 |  6.9

Action                   |  1- 3 |  4- 6 |  7- 9 || total
-------------------------+-------+-------+-------++-------
Melee: Dagger            |     2 |     3 |     5 ||    10
  Use: Potion            |       |       |     2 ||     2
 Stab: Sleeping          |     2 |     3 |       ||     5
Armor: Robe              |       |       |     1 ||     1
Dodge: Dodged            |       |       |    10 ||    10
